 Dungeon Crawl Stone Soup version 0.31-a0-152-g6aa68a64a1 (webtiles) character file.

Game seed: 7621968274526038145

16141 qw the Marksgargoyle (level 12, -7/77 HPs)
             Began as a Gargoyle Hunter on June 11, 2023.
             Was a High Priest of Okawaru.
             Mangled by a harpy (9 damage)
             ... on level 2 of the Lair of Beasts.
             The game lasted 00:03:40 (8975 turns).

qw the Marksgargoyle (Gargoyle Hunter)              Turns: 8975, Time: 00:03:40

Health: -7/77      AC: 22    Str: 16    XL:     12   Next: 34%
Magic:  18/18      EV: 17    Int: 10    God:    Okawaru [*****.]
Gold:   734        SH:  5    Dex: 17    Spells: 11/11 levels left

rFire   . . .        i - +0 orcbow (heavy)
rCold   . . .        (shield currently unavailable)
rNeg    + + .        A - +0 troll leather armour
rPois   inf          j - +0 helmet
rElec   +            h - +0 cloak
rCorr   .            k - +2 pair of gloves
SInv    .            d - +0 pair of boots
Will    .....        l - amulet of reflection
Stlth   +++          u - ring of positive energy
HPRegen 1.12/turn    (no ring)
MPRegen 0.16/turn

%: reflection
@: about to teleport, heroic
A: sickness immunity, AC +8, negative energy resistance 1, electricity
resistance, torment resistance 1, petrification resistance
a: Renounce Religion, Heroism, Finesse, Duel


You were on level 2 of the Lair of Beasts.
You worshipped Okawaru.
Okawaru was extremely pleased with you.
You visited 2 branches of the dungeon, and saw 11 of its levels.

You collected 734 gold pieces.


Innate Abilities, Weirdness & Mutations

You are immune to sickness and miasma.
Your stone body is resilient. (AC +8)
You are immune to poison.
You resist negative energy. (rN+)
You are resistant to electric shocks. (rElec)
You are resistant to unholy torment.
You are immune to petrification.


   Skills:
 - Level 10.0(15.0) Fighting
 - Level 15.0(20.0) Ranged Weapons
 - Level 5.0(10.0) Armour
 + Level 4.2(9.2) Dodging
 - Level 1.1(6.1) Stealth
 + Level 8.3 Invocations


You had 11 spell levels left.
You didn't know any spells.
Your spell library was empty.

Inventory:

Hand Weapons
 i - a +0 heavy orcbow (weapon)
Armour
 d - a +0 pair of boots (worn)
 h - a +0 cloak (worn)
 j - a +0 helmet (worn)
 k - a +2 pair of gloves (worn)
 y - +0 acid dragon scales
 A - a +0 troll leather armour (worn)
Jewellery
 l - an amulet of reflection (around neck)
 m - a ring of ice
 u - a ring of positive energy (left hand)
Scrolls
 a - a scroll of identify
 c - a scroll of teleportation
 q - 2 scrolls of brand weapon
Potions
 b - a potion of resistance
 e - 2 potions of attraction
 f - 2 potions of curing
 g - 2 potions of mutation
 n - a potion of might
 p - 2 potions of cancellation
 s - a potion of degeneration {unknown}
 t - a potion of enlightenment {unknown}
 w - a potion of brilliance {unknown}

Dungeon Overview and Level Annotations

Branches:
Dungeon (9/15)             Temple (0/1) D:6            Lair (2/5) D:9
 Shoals (0/4) Lair:2
  Snake: Lair:2-3    Spider: Lair:2-3       Orc: D:9-12

Altars:
Cheibriados
Gozag
Kikubaaqudgha
Makhleb
Okawaru
Uskayaw
Vehumet
Yredelemnul
Zin

Shops:
D:6 (

Annotations:
D:7 1 runed translucent door, qw's ghost, novice MiHu
D:8 4 runed translucent doors


Message History

The arrow hits the elephant!
The elephant is almost dead.
You hear a trumpeting!
The cane toad barely misses you. The elephant barely misses you.
The elephant misses you.
An elephant comes into view.
The cane toad misses you.
You shoot an arrow. The arrow barely misses the elephant.
The elephant trumpets!
Your surroundings suddenly seem different. 2 harpies and 3 yaks come into view.
Found a staircase to the Shoals.
You shoot an arrow. The arrow hits the harpy!
The harpy is heavily wounded.
The harpy screeches!
The yak bellows! x2
The harpy claws you. You block the harpy's attack. The harpy claws you.
The harpy claws you but does no damage.
8972 ||| READING 2 scrolls of teleportation.
As you read the scroll of teleportation, it crumbles to dust.
You feel strangely unstable.
The harpy claws you but does no damage. x3; The harpy barely misses you.
The yak gores you but does no damage.
You shoot an arrow. The arrow completely misses the harpy.
The arrow hits the yak!!
The yak is severely wounded.
The harpy misses you. The harpy completely misses you. The harpy claws you.
You block the harpy's attack. The harpy claws you but does no damage.
You block the harpy's attack. The yak gores you but does no damage.
The yak completely misses you.
You shoot an arrow. The arrow closely misses the yak.
The arrow hits the fungus!!
The fungus begins to die.
The fungus is lightly damaged.
The harpy misses you. The harpy claws you! The yak misses you.
The yak gores you but does no damage. The yak gores you!
The harpy completely misses you. You block the harpy's attack.
You shoot an arrow. The arrow hits the yak!!!
You kill the yak!
Okawaru accepts your kill. The harpy misses you. You block the harpy's attack.
The harpy claws you!
You die...

#. ~.##.. P~~
~~...### #~~
~~~..#P## ~~#
#~~......
##.~.>.~~.....#
...~#.#~~...#
#.~~~~~YH...##
#.~~~~~@Y....#
P.#~...H.......
......#........
#..#####.......
## .......
....... ..#...#
.#....#


You could see 2 yaks and 2 harpies.

Vanquished Creatures
  Amaemon (D:8)
  A skyshark (Lair:1)
  A deep elf pyromancer (D:9)
  A manticore (D:8)
  8 elephants
  A black mamba (Lair:1)
  An orange demon (D:8)
  A rime drake (D:9)
  An unseen horror (D:8)
  A troll (D:9)
  2 polar bears
  A hornet (D:8)
  4 blink frogs
  Sigmund (D:3)
  17 yaks
  5 wyverns
  A steam dragon (D:8)
  An acid dragon (D:9)
  5 water moccasins
  6 ice beasts
  An orc warrior (D:7)
  2 sky beasts
  A black bear (D:6)
  2 ogres (D:5)
  6 wolves
  4 centaurs
  3 phantoms
  6 bullfrogs
  A kobold brigand (D:8)
  11 wights
  7 killer bees
  3 howler monkeys
  An electric eel (Lair:1)
  3 jellies
  2 gnoll boudas
  8 hounds
  5 orc priests
  3 iron imps (D:9)
  Natasha (thrice) (D:4)
  5 iguanas
  11 orc wizards
  7 gnolls
  10 adders
  2 white imps
  3 ufetubi
  4 worms
  21 orcs
  6 bats
  4 endoplasms
  4 giant cockroaches
  6 goblins
  6 hobgoblins
  9 jackals
  3 quokkas
  8 ball pythons
  3 frilled lizards
  7 kobolds
  5 rats
256 creatures vanquished.

Notes
Turn   | Place    | Note
-------+----------+-------------------------------------------
     0 | D:1      | qw the Gargoyle Hunter began the quest for the Orb.
     0 | D:1      | Reached XP level 1. HP: 12/12 MP: 1/1
     0 | D:1      | 0 ||| qw: Version: 0.2-a-29-gd901d54
     0 | D:1      | 0 ||| qw: Game counter: 4020
     0 | D:1      | 0 ||| qw: Always use a shield: true
     0 | D:1      | 0 ||| qw: God list: Okawaru
     0 | D:1      | 0 ||| qw: Allow faded altars: false
     0 | D:1      | 0 ||| qw: Do Orc after D:15 true
     0 | D:1      | 0 ||| qw: Do second Lair branch before Depths: true
     0 | D:1      | 0 ||| qw: Lair rune preference: random
     0 | D:1      | 0 ||| qw: Plans: Normal, Zot:1-4, Slime:5, God:TSO, Crypt,
                  | Tomb, Abyss, Pan, Hells, Win
     0 | D:1      | 0 ||| PLANNING D:1-11
   171 | D:1      | Reached XP level 2. HP: 17/17 MP: 2/2
   303 | D:1      | Found a faded altar of an unknown god.
   500 | D:1      | Reached XP level 3. HP: 21/21 MP: 3/3
   637 | D:1      | Reached skill level 5 in Ranged Weapons
   935 | D:1      | 935 ||| UPGRADING to +0 cloak.
   940 | D:1      | 940 ||| UPGRADING to +0 helmet.
   945 | D:1      | 945 ||| UPGRADING to +2 pair of gloves.
   950 | D:1      | 950 ||| UPGRADING to amulet of reflection.
   955 | D:1      | 955 ||| READING 4 scrolls labelled RIPPO GATUQUEPH.
   956 | D:1      | 956 ||| READING scroll labelled CELABA IPLIWK.
   957 | D:1      | 957 ||| READING scroll labelled MATUIFRIPPU.
   961 | D:1      | 961 ||| READING 3 scrolls of identify.
   961 | D:1      | 961 ||| IDENTIFYING ruby potion
   962 | D:1      | 962 ||| READING 2 scrolls of identify.
   962 | D:1      | 962 ||| IDENTIFYING metallic green potion
   963 | D:1      | 963 ||| DROPPING scroll of butterflies.
   995 | D:2      | Reached skill level 1 in Armour
  1287 | D:2      | 1287 ||| UPGRADING to +0 pair of boots.
  1292 | D:2      | 1292 ||| DROPPING +0 cloak of stealth.
  1319 | D:3      | Reached XP level 4. HP: 27/27 MP: 4/4
  1320 | D:3      | Reached skill level 3 in Fighting
  1326 | D:3      | Noticed a centaur
  1330 | D:3      | HP: 3/28 [centaur/arrow (10)]
  1330 | D:3      | HP: 1/28 [frozen (2)]
  1331 | D:3      | Killed a centaur
  1332 | D:3      | Reached XP level 5. HP: 2/32 MP: 5/5
  1495 | D:3      | 1495 ||| SWAPPING to +0 orcbow.
  1496 | D:3      | 1496 ||| DROPPING +0 shortbow.
  1553 | D:3      | Noticed Sigmund
  1558 | D:3      | Killed Sigmund
  1559 | D:3      | Reached skill level 7 in Ranged Weapons
  1559 | D:3      | Reached XP level 6. HP: 35/37 MP: 6/6
  2060 | D:3      | 2060 ||| DRINKING 3 red potions.
  2223 | D:4      | Reached XP level 7. HP: 30/43 MP: 7/7
  2463 | D:4      | Noticed Natasha
  2468 | D:4      | Killed Natasha
  2528 | D:4      | Noticed Natasha
  2532 | D:4      | Killed Natasha
  2586 | D:4      | 2586 ||| READING scroll labelled PUDDET KE ACW.
  2587 | D:4      | 2587 ||| DRINKING 2 yellow potions.
  2588 | D:4      | 2588 ||| READING 2 scrolls of identify.
  2588 | D:4      | 2588 ||| IDENTIFYING bubbling silvery potion
  2601 | D:4      | Noticed Natasha
  2607 | D:4      | Killed Natasha
  2624 | D:5      | Entered Level 5 of the Dungeon
  2740 | D:5      | Reached skill level 8 in Ranged Weapons
  2851 | D:5      | Reached XP level 8. HP: 17/49 MP: 8/8
  2862 | D:5      | HP: 5/49 [ice beast (13)]
  2863 | D:5      | 2863 ||| READING scroll of teleportation.
  3092 | D:5      | Reached skill level 9 in Ranged Weapons
  3238 | D:5      | Found a radiant altar of Vehumet.
  3242 | D:5      | Found an iron altar of Okawaru.
  3243 | D:5      | 3243 ||| PLANNING OKAWARU WORSHIP
  3243 | D:5      | 3243 ||| UPGRADING to +0 ring mail.
  3253 | D:5      | 3253 ||| DROPPING +0 leather armour.
  3254 | D:5      | 3254 ||| READING scroll labelled SIXTAELUNEO.
  3255 | D:5      | 3255 ||| READING 3 scrolls labelled ZIMAPL MEPSEI.
  3256 | D:5      | 3256 ||| DRINKING 2 bubbling green potions.
  3261 | D:5      | Became a worshipper of Warmaster Okawaru
  3261 | D:5      | 3261 ||| PLANNING D:1-11
  3325 | D:5      | Reached skill level 3 in Armour
  3474 | D:5      | Reached skill level 6 in Fighting
  3564 | D:5      | Found a snail-covered altar of Cheibriados.
  3568 | D:5      | 3568 ||| DROPPING +1 pair of gloves.
  3633 | D:6      | 3633 ||| FLEEEEING.
  3658 | D:6      | 3658 ||| DRINKING 2 potions of curing.
  3658 | D:6      | 3658 ||| (to cure confusion)
  3664 | D:6      | Reached skill level 10 in Ranged Weapons
  3664 | D:6      | Reached XP level 9. HP: 55/55 MP: 9/9
  3718 | D:6      | Reached * piety under Okawaru
  3889 | D:6      | Found Yfefoyst's Weapon Boutique.
  3966 | D:6      | Found a staircase to the Ecumenical Temple.
  4117 | D:6      | 4117 ||| UPGRADING to ring of positive energy.
  4118 | D:6      | 4118 ||| READING scroll labelled GUOJEV IKHAKO.
  4146 | D:7      | Reached skill level 1 in Invocations
  4326 | D:7      | Found an opulent altar of Gozag.
  4369 | D:7      | 4369 ||| INVOKING Heroism.
  4406 | D:7      | Reached skill level 3 in Invocations
  4448 | D:7      | Found a runed translucent door.
  4454 | D:7      | Noticed qw's ghost (novice MiHu)
  4465 | D:7      | Identified the +0 short sword "Fagroda" {drain, rC++}
  4468 | D:7      | Found a glowing silver altar of Zin.
  4619 | D:7      | 4619 ||| INVOKING Heroism.
  4637 | D:7      | 4637 ||| INVOKING Heroism.
  4639 | D:7      | Reached skill level 11 in Ranged Weapons
  4967 | D:7      | 4967 ||| INVOKING Heroism.
  4992 | D:7      | 4992 ||| INVOKING Heroism.
  4996 | D:7      | Reached skill level 3 in Dodging
  5133 | D:7      | Reached XP level 10. HP: 63/63 MP: 13/13
  5228 | D:7      | 5228 ||| READING 2 scrolls labelled ONATSI COPUIPI.
  5329 | D:7      | 5329 ||| READING scroll labelled PUBOWI WUORR.
  5330 | D:7      | 5330 ||| READING scroll labelled YNTAWES AJOEQI.
  5331 | D:7      | 5331 ||| DROPPING scroll of silence.
  5372 | D:8      | 5372 ||| STAIRDANCE
  5455 | D:8      | Found a basalt altar of Yredelemnul.
  5456 | D:8      | Found a hide-covered altar of Uskayaw.
  5506 | D:8      | Reached ** piety under Okawaru
  5539 | D:8      | Identified the +0 robe "Yfigi" {rN++ rCorr MP+9 Str+3}
  5567 | D:8      | Found a large runed translucent door.
  5567 | D:8      | Found a large runed translucent door.
  5616 | D:8      | Found a large runed translucent door.
  5616 | D:8      | Found a large runed translucent door.
  5648 | D:8      | 5648 ||| INVOKING Heroism.
  5716 | D:8      | Noticed a manticore
  5717 | D:8      | 5717 ||| INVOKING Heroism.
  5721 | D:8      | Killed a manticore
  5722 | D:8      | Reached skill level 12 in Ranged Weapons
  5785 | D:8      | Identified the +8 broad axe "Aniegian" {venom, rN+}
  5800 | D:8      | Noticed a kobold demonologist
  5886 | D:8      | 5886 ||| INVOKING Heroism.
  6133 | D:8      | Noticed Amaemon
  6133 | D:8      | Noticed an orange demon
  6134 | D:8      | 6134 ||| INVOKING Heroism.
  6144 | D:8      | Killed Amaemon
  6144 | D:8      | Reached *** piety under Okawaru
  6145 | D:8      | Reached skill level 13 in Ranged Weapons
  6147 | D:8      | Killed an orange demon
  6257 | D:8      | Reached XP level 11. HP: 69/69 MP: 14/14
  6262 | D:8      | Reached skill level 9 in Fighting
  6276 | D:8      | 6276 ||| INVOKING Heroism.
  6281 | D:8      | 6281 ||| Stepping ~*~*~tactically~*~*~ (cloud).
  6700 | D:8      | 6700 ||| INVOKING Heroism.
  6977 | D:8      | 6977 ||| UPGRADING to +0 robe "Yfigi" {rN++ rCorr MP+9
                  | Str+3}.
  6987 | D:8      | 6987 ||| REMOVING ring of positive energy.
  7061 | D:9      | Found an ancient bone altar of Kikubaaqudgha.
  7347 | D:9      | Found a burning altar of Makhleb.
  7451 | D:9      | 7451 ||| INVOKING Heroism.
  7515 | D:9      | 7515 ||| INVOKING Heroism.
  7520 | D:9      | Reached skill level 14 in Ranged Weapons
  7529 | D:9      | Found a staircase to the Lair.
  7776 | D:9      | Noticed a deep elf pyromancer
  7780 | D:9      | Killed a deep elf pyromancer
  7937 | D:9      | 7937 ||| PLANNING LAIR
  7937 | D:9      | 7937 ||| DROPPING +0 ring mail.
  7938 | D:9      | 7938 ||| DROPPING +2 robe of positive energy.
  7939 | D:9      | 7939 ||| UPGRADING to +0 acid dragon scales.
  7949 | D:9      | 7949 ||| DROPPING +0 robe "Yfigi" {rN++ rCorr MP+9 Str+3}.
  7950 | D:9      | 7950 ||| UPGRADING to +0 troll leather armour.
  7960 | D:9      | 7960 ||| UPGRADING to ring of positive energy.
  7961 | D:9      | 7961 ||| READING scroll labelled QUELENK BOEPN.
  7962 | D:9      | 7962 ||| DRINKING 2 brown potions.
  7986 | Lair:1   | Entered Level 1 of the Lair of Beasts
  8007 | Lair:1   | Reached **** piety under Okawaru
  8142 | Lair:1   | Noticed a skyshark
  8150 | Lair:1   | Killed a skyshark
  8150 | Lair:1   | Reached ***** piety under Okawaru
  8179 | Lair:1   | Reached skill level 6 in Invocations
  8182 | Lair:1   | 8182 ||| INVOKING Heroism.
  8246 | Lair:1   | 8246 ||| INVOKING Heroism.
  8307 | Lair:1   | 8307 ||| INVOKING Heroism.
  8391 | Lair:1   | 8391 ||| INVOKING Heroism.
  8396 | Lair:1   | Reached XP level 12. HP: 77/77 MP: 13/17
  8889 | Lair:2   | 8889 ||| INVOKING Heroism.
  8908 | Lair:2   | Identified the +2 pair of boots of the Planets {Dex+4
                  | Slay+3} (Okawaru gifted it to you on level 2 of the Lair of
                  | Beasts)
  8908 | Lair:2   | Received a gift from Okawaru
  8909 | Lair:2   | HP: 15/77 [elephant (11)]
  8910 | Lair:2   | 8910 ||| READING 4 scrolls of teleportation.
  8911 | Lair:2   | 8911 ||| DRINKING potion of heal wounds.
  8955 | Lair:2   | Reached skill level 15 in Ranged Weapons
  8960 | Lair:2   | 8960 ||| INVOKING Heroism.
  8965 | Lair:2   | HP: 16/77 [cane toad (7)]
  8966 | Lair:2   | 8966 ||| READING 3 scrolls of teleportation.
  8970 | Lair:2   | Found a staircase to the Shoals.
  8971 | Lair:2   | HP: 17/77 [harpy (6)]
  8972 | Lair:2   | 8972 ||| READING 2 scrolls of teleportation.
  8974 | Lair:2   | HP: 1/77 [yak (8)]
  8975 | Lair:2   | Mangled by a harpy

Levels and vault maps discovered:
D:1:      dpeg_arrival_chambers_temple_mockup, layout_loops_ring,
          shapermc_ecumenical_altar_flowoftime, grunt_decor_mini_mirrors
D:2:      layout_rooms
D:3:      layout_loops_cross, nicolae_concentric_dashed_squares_wild,
          uniq_sigmund
D:4:      layout_rooms, uniq_natasha
D:5:      layout_loops_ring, slow_altar_2, minitemple
D:6:      layout_rooms, minmay_temple_entry_nine_rooms, serial_shops,
          nicolae_shop_hallway_stairs
D:7:      layout_basic, mainiacjoe_overflow_cross_hatched,
          mainiacjoe_overflow_alcove_2, ebering_ghost_reflecting_pool
D:8:      layout_layer_cave, chequers_temple_overflow_statue_of_worship,
          abandoned_shop, minmay_hollow_rounded_squares, uniq_amaemon
D:9:      layout_basic, demons_altar, overflow_temple_1_default,
          hellmonk_lair_entry_icy
Lair:1:   layout_regular_city, lemuel_fruit_tree, infiniplex_staircase_pool
Lair:2:   layout_layer_cave, nicolae_shoals_entry_roost, grunt_megastairs_2

Skill      XL: |  1  2  3  4  5  6  7  8  9 10 11 12 |
---------------+-------------------------------------+-----
Ranged Weapons | 5 7 8 10 11 13 14 15 | 15.0
Armour         | 1 2 3 4 5 |  5.0
Fighting       | 3 4 5 6 7 8 10 | 10.0
Dodging        | 2 3 4 |  4.2
Invocations    | 4 6 8 |  8.3
Stealth        | |  1.1

Action                     |  1- 3 |  4- 6 |  7- 9 | 10-12 || total
---------------------------+-------+-------+-------+-------++-------
   Fire: Shortbow          |   109 |     7 |       |       ||   116
         Orcbow            |       |    73 |   309 |   364 ||   746
 Invoke: Heroism           |       |       |     5 |    14 ||    19
    Use: Scroll            |     5 |       |     6 |     7 ||    18
         Potion            |       |     1 |     3 |     2 ||     6
 Armour: Leather armour    |    13 |    24 |    28 |       ||    65
         Ring mail         |       |       |    55 |    45 ||   100
         Troll leather arm |       |       |       |   137 ||   137
         Robe              |       |       |       |     8 ||     8
  Dodge: Dodged            |    33 |    18 |   122 |   304 ||   477
  Block: Other             |       |    14 |    41 |    96 ||   151
         Reflection        |       |     3 |     2 |     2 ||     7

Table legend:
 A = Non-vault XP
 B = Vault XP
 C = Vault XP percentage of total XP
 D = Non-vault monster count
 E = Vault monster count
 F = Vault count percentage of total count
                 A         B        C        D         E       F
            +---------+---------+-------+---------+---------+-------
      Total |   16132 |    7140 |  30.7 |     224 |      32 |  12.5
            +---------+---------+-------+---------+---------+-------
        D:1 |      43 |       0 |   0.0 |      26 |       0 |   0.0
        D:2 |      37 |       0 |   0.0 |      15 |       0 |   0.0
        D:3 |     179 |     226 |  55.8 |      22 |       1 |   4.3
        D:4 |     344 |      36 |   9.5 |      14 |       1 |   6.7
        D:5 |    1055 |       5 |   0.5 |      23 |       1 |   4.2
        D:6 |     954 |       0 |   0.0 |      28 |       0 |   0.0
        D:7 |    2153 |       0 |   0.0 |      32 |       0 |   0.0
        D:8 |    1772 |    3705 |  67.6 |      21 |      16 |  43.2
        D:9 |    1644 |    1177 |  41.7 |      12 |       8 |  40.0
     Lair:1 |    7002 |       0 |   0.0 |      28 |       0 |   0.0
     Lair:2 |     949 |    1991 |  67.7 |       3 |       5 |  62.5
            +---------+---------+-------+---------+---------+-------
